 Dungeon Crawl Stone Soup version 0.31-a0-229-g1fc7ce93e2 (webtiles) character file.

Game seed: 13926457054679691761

2884 spardeous the Nimble (level 9, -8/38 HPs)
             Began as a Felid Earth Elementalist on July 7, 2023.
             Was an Initiate of Gozag.
             Mangled by a vault guard
             ... wielding a +0 broad axe
              (25 damage)
             ... in a bailey.
             The game lasted 00:25:52 (10997 turns).

spardeous the Nimble (Felid Earth Elementalist)    Turns: 10997, Time: 00:25:52

Health: -8/38      AC:  2    Str:  4    XL:     9   Next: 48%
Magic:  0/15       EV: 23    Int: 20    God:    Gozag
Gold:   881        SH:  0    Dex: 17    Spells: 7/15 levels left
                                        Lives:  0   Deaths: 2

rFire   . .          .
                       - Unarmed
rCold   . . .        (shield unavailable)
rNeg    . . .        (body armour unavailable)
rPois   .            (helmet unavailable)
rElec   .            (cloak unavailable)
rCorr   .            (gloves unavailable)
SInv    +            (boots unavailable)
Will    +....        (no amulet)
Stlth   ++           (no ring)
HPRegen 0.26/turn    (no ring)
MPRegen 0.14/turn

%: no passive effects
@: quick
A: very small, claws 1, fangs 3, see invisible, speed 1, shaggy fur 2, stealthy
paws, no weapons or thrown items, no armour, multi-lived
a: Renounce Religion, Potion Petition, Call Merchant, Bribe Branch


You were in a bailey.
You worshipped Gozag.
Gozag was pleased with you.
You visited 2 branches of the dungeon, and saw 9 of its levels.
You also visited: Bailey.

You collected 966 gold pieces.
You paid 85 gold pieces to Gozag.

Inventory:

Jewellery
 g - a ring of ice
 B - an amulet of magic regeneration
Wands
 j - a wand of flame (11)
 k - a wand of paralysis (4)
 o - a wand of acid (12)
Scrolls
 d - 2 scrolls of fear {unknown}
 e - 3 scrolls of enchant weapon {unknown}
 n - 4 scrolls of teleportation {unknown}
 q - 2 scrolls of fog {unknown}
 s - a scroll of poison {unknown}
 t - 2 scrolls of blinking {unknown}
 u - a scroll of vulnerability
 w - a scroll of immolation
 y - a scroll of noise {unknown}
 z - a scroll of silence
 A - a scroll of brand weapon
 C - a scroll of enchant armour
Potions
 b - 2 potions of might {unknown}
 c - 2 potions of brilliance {unknown}
 f - 2 potions of haste {unknown}
 h - 2 potions of invisibility
 i - 3 potions of enlightenment {unknown}
 l - 4 potions of curing {unknown}
 p - 2 potions of degeneration
 r - a potion of heal wounds
 v - a potion of attraction
 x - a potion of lignification {unknown}


   Skills:
 + Level 3.6 Fighting
 + Level 9.8 Dodging
 - Level 2.6 Stealth
 + Level 3.5 Unarmed Combat
 + Level 3.9 Spellcasting
 - Level 6.1 Conjurations
 - Level 1.1 Transmutations
 + Level 8.3 Earth Magic


You had 7 spell levels left.
You knew the following spells:

 Your Spells              Type           Power      Damage    Failure   Level
a - Sandblast             Erth           74%        2d16      1%          1
b - Stone Arrow           Conj/Erth      64%        3d11      1%          3
c - Petrify               Tmut/Erth      22%        N/A       19%         4

Your spell library contained the following spells:

 Spells                   Type           Power      Damage    Failure   Level
 Passwall                 Tmut/Erth      18%        N/A       2%          2
 Dazzling Flash           Conj/Hex       32%        N/A       11%         3
 Slow                     Hex            12%        N/A       13%         1
 Ignite Poison            Fire/Tmut/Pois 5%         N/A       32%         3
 Confusing Touch          Hex            3%         N/A       36%         3
 Vampiric Draining        Necr           3%         2d6       36%         3
 Volatile Blastmotes      Fire/Tloc      6%         2d10      36%         3
 Iskenderun's Mystic Bla  Conj/Tloc      16%        2d5       36%         4
 Sticky Flame             Conj/Fire      16%        2d4       36%         4
 Starburst                Conj/Fire      8%         6d4       99%         6
 Ignition                 Fire           1%         3d3       100%        8


Dungeon Overview and Level Annotations

Branches:
Dungeon (8/15)             Temple (1/1) D:7            Lair (0/5) D:8
 Bailey (1/1)

Altars:
Ashenzari
Cheibriados
Dithmenos
Elyvilon
Gozag
Hepliaklqana
Kikubaaqudgha
Makhleb
Nemelex Xobeh
Qazlal
Sif Muna
Trog
Uskayaw
Vehumet
Wu Jian
Xom
Yredelemnul
Zin
The Shining One

Shops:
D:6 :

Annotations:
D:5 3 runed translucent doors, IYTBazzie's ghost, novice MeIE; Leavold's ghost, novice OpEE
D:8 2 runed translucent doors


Innate Abilities, Weirdness & Mutations

You have sharp claws.
You have razor-sharp teeth.
You have supernaturally acute eyesight. (SInv)
You cover ground quickly. (Speed+)
You are covered in thick fur. (AC +2)
Your paws help you pounce on unaware monsters.
You are incapable of wielding weapons or throwing items.
You cannot wear armour.
You gain extra lives every three experience levels.


Message History

a +0 war axe; a +0 leather armour The human barely misses you.
There is an open door here.
There is an open door here.
You enter the shallow water.
Moving in this stuff is going to be slow.
There is a broken door here.
Casting: Stone Arrow (safe; 1% risk of failure)
Confirm with . or Enter, or press ? or * to list all spells.
Aiming: Stone Arrow (safe; 1% risk of failure)
Press: ? - help, Shift-Dir - straight line, f - human, p - human
Aim: a human, wielding a +0 war axe and wearing a +0 ring mail (67% to hit)
The stone arrow hits the human!
The human is moderately wounded.
Casting: Stone Arrow (safe; 1% risk of failure)
Confirm with . or Enter, or press ? or * to list all spells.
You don't have enough magic to cast this spell.
Unknown command.
Casting: Stone Arrow (safe; 1% risk of failure)
Confirm with . or Enter, or press ? or * to list all spells.
Aiming: Sandblast (safe; 1% risk of failure)
Press: ? - help, Shift-Dir - straight line, f/p - human
Aim: a human, wielding a +0 war axe and wearing a +0 ring mail (moderately wounded, 80% to hit)
The blast of sand hits the human!!
The human is almost dead.
The human misses you. The human barely misses you.
Casting: Sandblast (safe; 1% risk of failure)
Confirm with . or Enter, or press ? or * to list all spells.
You don't have enough magic to cast this spell.
Unknown command.
Casting: Sandblast (safe; 1% risk of failure)
Confirm with . or Enter, or press ? or * to list all spells.
You don't have enough magic to cast this spell.
Unknown command.
The human misses you.
Items here: )) [[.
The vault guard hits you with a +0 broad axe!!
Ouch! That really hurt!
You die...
Your body crumbles into a pile of gold.

##########
##...##~~~##
##....#~~~~~#
##.....'~~~~~#####
#......#~~~~##...##
#####....##~~~'..∩..#
≈≈≈≈###.p######..p..#
~~~~≈≈##'#....).pp).#
~~~~~~≈#.)...$##@..##
~~~~~≈##.).....#####
....~≈#######$..#
.....~≈≈≈#..##..#
...$$p.).#..#...#
g~.~~~~..p..#...#
.~~≈≈≈≈~~#.....##
~≈≈####≈≈#....## ≈###
#########


You could see a vault guard and 2 humans.

Vanquished Creatures
  The ghost of superbruh the Slasher, a novice DsGl of Jiyva (D:6)
  Prince Ribbit (Bailey)
  Eustachio (D:5)
  A wyvern (D:8)
  6 humans (Bailey)
  A sky beast (D:7)
  2 orc warriors
  2 centaurs
  A phantom (D:6)
  3 kobold brigands
  11 bullfrogs
  A gnoll sergeant (D:7)
  A scorpion (D:6)
  2 jellies
  2 hounds
  3 orc priests
  Crazy Yiuf (D:3)
  2 gnoll boudas (D:7)
  A sleepcap (D:6)
  Jessica (D:3)
  3 iguanas (D:6)
  8 orc wizards
  Robin (D:3)
  13 gnolls
  4 adders
  A shadow imp (D:5)
  4 white imps
  An ufetubus (D:6)
  2 worms
  26 orcs
  7 ball pythons
  2 bats
  4 endoplasms
  2 giant cockroaches
  13 hobgoblins
  13 jackals
  4 quokkas
  A frilled lizard (D:2)
  12 goblins
  13 kobolds
  6 rats
184 creatures vanquished.

Notes
Turn   | Place    | Note
-------+----------+-------------------------------------------
     0 | D:1      | spardeous the Felid Earth Elementalist began the quest for
                  | the Orb.
     0 | D:1      | Reached XP level 1. HP: 7/7 MP: 4/4
   106 | D:1      | Reached XP level 2. HP: 7/11 MP: 1/6
   371 | D:2      | Found a faded altar of an unknown god.
   429 | D:3      | Reached skill level 3 in Dodging
   470 | D:3      | Noticed Robin
   500 | D:3      | Reached XP level 3. HP: 14/14 MP: 4/7
   567 | D:3      | Killed Robin
   670 | D:4      | Learned a level 3 spell: Stone Arrow
   679 | D:4      | Found a glowing golden altar of the Shining One.
   714 | D:4      | Reached XP level 4. HP: 14/18 MP: 2/8
  1198 | D:4      | Reached skill level 5 in Earth Magic
  1198 | D:4      | Reached XP level 5. HP: 21/21 MP: 5/9
  1236 | D:4      | Found a sparkling altar of Nemelex Xobeh.
  1499 | D:5      | Entered Level 5 of the Dungeon
  1531 | D:5      | Noticed a centaur
  1562 | D:5      | Paralysed by a centaur for 3 turns
  1566 | D:5      | Slain by a centaur
  1567 | D:5      | Reached XP level 4. HP: -1/18 MP: 6/8
  1571 | D:5      | Killed a centaur
  1572 | D:5      | Reached skill level 4 in Dodging
  1572 | D:5      | Reached XP level 5. HP: 16/21 MP: 6/9
  1633 | D:5      | Found a radiant altar of Vehumet.
  1730 | D:5      | Found a runed translucent gate.
  1732 | D:5      | Found a runed translucent gate.
  1733 | D:5      | Found a runed translucent gate.
  1734 | D:5      | Noticed Leavold's ghost (novice OpEE)
  1734 | D:5      | Noticed IYTBazzie's ghost (novice MeIE)
  1789 | D:5      | Found a hazy altar of Hepliaklqana.
  1839 | D:5      | Found a hide-covered altar of Uskayaw.
  1927 | D:5      | Noticed Eustachio
  2087 | D:5      | HP: 1/21 [Eustachio/+0 rapier (5)]
  2092 | D:5      | Killed Eustachio
  2093 | D:5      | Reached skill level 5 in Dodging
  2093 | D:5      | Gained mutation: You are covered in thick fur. (AC +2)
                  | [Felid growth]
  2093 | D:5      | Reached XP level 6. HP: 2/24 MP: 0/10
  2746 | D:6      | Reached skill level 6 in Dodging
  3007 | D:6      | Reached XP level 7. HP: 23/27 MP: 7/11
  3291 | D:6      | Found an opulent altar of Gozag.
  3325 | D:6      | Became a worshipper of Gozag Ym Sagoz the Greedy
  3331 | D:6      | Reached skill level 7 in Dodging
  3762 | D:6      | Found a transporter.
  3762 | D:6      | Noticed superbruh's ghost (novice DsGl)
  3768 | D:6      | Found a transporter.
  4131 | D:3      | Found an ornate altar of the Wu Jian Council.
  4288 | D:3      | Found a runed translucent door.
  4289 | D:3      | Noticed Crazy Yiuf
  4447 | D:3      | Noticed Jessica
  4452 | D:3      | Killed Jessica
  4471 | D:3      | Found a shimmering blue altar of Sif Muna.
  4550 | D:3      | Killed Crazy Yiuf
  6746 | D:6      | Reached skill level 8 in Dodging
  6829 | D:6      | Found a bloodstained altar of Trog.
  6838 | D:6      | Found a glowing silver altar of Zin.
  6915 | D:6      | Found Jicigis's Book Emporium.
  7121 | D:6      | HP: 1/27 [sleepcap (20)]
  7479 | D:6      | Reached XP level 8. HP: 23/31 MP: 10/12
  7545 | D:6      | Reached skill level 1 in Conjurations
  7751 | D:6      | Killed superbruh's ghost
  8290 | D:7      | Reached skill level 5 in Conjurations
  8483 | D:7      | Found a staircase to the Ecumenical Temple.
  8499 | Temple   | Entered the Ecumenical Temple
  8825 | D:7      | Reached XP level 9. HP: 23/34 MP: 4/13
  9199 | D:7      | Reached skill level 1 in Fighting
  9235 | D:7      | Reached skill level 1 in Unarmed Combat
 10012 | D:7      | Found a burning altar of Makhleb.
 10243 | D:6      | Learned a level 4 spell: Petrify
 10310 | D:8      | Found a flagged portal.
 10323 | D:8      | Found a large runed translucent door.
 10323 | D:8      | Found a large runed translucent door.
 10382 | Bailey   | Entered a bailey
 10396 | Bailey   | Reached skill level 9 in Dodging
 10397 | Bailey   | Slain by a human
 10398 | Bailey   | Reached XP level 8. HP: 0/33 MP: 4/13
 10573 | Bailey   | Reached XP level 9. HP: 37/37 MP: 8/15
 10710 | Bailey   | Noticed Prince Ribbit
 10825 | Bailey   | Noticed a vault guard
 10894 | Bailey   | Noticed a vault guard
 10931 | Bailey   | Killed Prince Ribbit
 10997 | Bailey   | Mangled by a vault guard

Illustrated notes

Levels and vault maps discovered:
D:1:      minmay_arrival_diagonal_passages, layout_basic,
          kennysheep_small_spiral, hangedman_feature_mirror
D:2:      layout_basic, basic_ecumenical_altar
D:3:      layout_rooms, tgw_sif, mainiacjoe_overflow_surrounded_room,
          uniq_crazy_yiuf_cottage, uniq_robin
D:4:      layout_loops_ring, old_standard_altar, mainiacjoe_overflow_boulevard,
          wad_floor_pattern_untrapped
D:5:      layout_basic, nicolae_hepliaklqana_hazy_memory,
          nicolae_uskayaw_suspiria, mainiacjoe_overflow_concentric_impassable,
          gammafunk_ghost_cemetery, glass_columns_b, uniq_eustachio
D:6:      layout_loops_cross, mainiacjoe_overflow_swirl,
          mainiacjoe_overflow_paths, serial_shops, shop, gammafunk_ghost_arena
D:7:      layout_loops_corners, makhleb_heckhound_becter,
          minmay_temple_entry_proselytizer, nicolae_hexahallways
D:8:      layout_gridville, lemuel_coloured_pillars_altar, old_standard_altar,
          dpeg_oklobed_lair, enter_bailey_2, ebering_ghost_disaster_area,
          st_stairs_5, kennysheep_doodads
Temple:   nicolae_temple_two_arcs
Bailey:   bailey_axe_froggy_fort_hellmonk, bailey

Skill      XL: |  1  2  3  4  5  6  7  8  9 |
---------------+----------------------------+-----
Earth Magic    | 3 4 5 6 7 8 |  8.3
Dodging        | 3 4 5 6 8 9 |  9.8
Conjurations   | 6 |  6.1
Fighting       | 2 3 |  3.6
Unarmed Combat | 2 3 |  3.5
Spellcasting   | 3 |  3.9
Stealth        | |  2.6
Transmutations | |  1.1

Action                     |  1- 3 |  4- 6 |  7- 9 || total
---------------------------+-------+-------+-------++-------
  Melee: Unarmed           |     1 |     1 |     5 ||     7
         Bite              |     1 |     1 |     3 ||     5
   Cast: Sandblast         |    49 |    75 |   261 ||   385
         Stone Arrow       |       |       |    39 ||    39
    Use: Scroll            |       |       |    11 ||    11
         Potion            |       |       |     1 ||     1
 Armour: Skin              |     1 |     3 |     6 ||    10
  Dodge: Dodged            |    11 |    25 |   191 ||   227

Table legend: (Time is in decaauts)
 A = Elapsed time spent in this place.
 B = Non-inter-level travel time spent in this place.
 C = Inter-level travel time spent in this place.
 D = Time resting spent in this place.
 E = Time spent auto-exploring this place.
 F = Levels seen in this place.
 G = Mean time per level.
                   A        B        C        D        E       F      G
               +--------+--------+--------+--------+--------+-----+--------+
         Total |   9786 |   8964 |    822 |    991 |   5939 |  10 |  978.6 |
       Dungeon |   9069 |   8253 |    816 |    805 |   5689 |   8 | 1133.6 |
        Temple |    122 |    117 |      5 |      0 |    110 |   1 |  122.0 |
        Bailey |    594 |    594 |      0 |    186 |    139 |   1 |  594.0 |
               +--------+--------+--------+--------+--------+-----+--------+

Top non-repeatable levels by time:
     D:6: 2222 daAuts
     D:7: 1628 daAuts
     D:5: 1452 daAuts
     D:2: 1086 daAuts
     D:4: 944 daAuts
     D:3: 846 daAuts
     D:1: 786 daAuts
  Bailey: 594 daAuts
  Temple: 122 daAuts
     D:8: 102 daAuts
